Map: Automaton LE

Players

Ter - Winner!

  • Race: Zerg Zerg
  • League: Silver
  • Spawn Location: 9:00

Seph

  • Race: Protoss Protoss
  • League: Bronze
  • Spawn Location: 3:00

VOD

Have the link to the VOD?

Description

Time

  • Played on: Feb. 15, 2019, 9:50 p.m.
  • Length: 11:50
Show
View Real Time Build Order
Export as new Build Order

Ter Zerg - Winner!

Build Orders: Pool First 

Get SALT Encoding   

  12  0:02  Drone  
  13  0:13  Overlord  
  13  0:18  Drone  
  14  0:32  Drone x2  
  16  0:39  Drone  
  17  0:51  Drone, Spawning Pool  
  17  0:57  Drone  
  17  1:02  Extractor  
  17  1:07  Drone  
  18  1:19  Overlord  
  18  1:34  Drone  
  18  1:36  Hatchery  
  18  1:42  Queen  
  20  1:48  Zergling x2  
  20  1:52  Zergling x2  
  22  2:02  Drone  
  23  2:10  Evolution Chamber  
  23  2:11  Metabolic Boost  
  23  2:13  Drone  
  23  2:29  Zergling x2  
  24  2:38  Zergling x2  
  25  2:44  Drone  
  25  2:51  Roach Warren  
  25  3:05  Overlord  
  25  3:10  Drone  
  26  3:19  Zerg Melee Weapons Level 1  
  26  3:21  Queen  
  26  3:22  Drone x3  
  28  3:34  Roach  
  28  3:35  Roach x3  
  36  3:43  Spine Crawler  
  35  4:00  Roach x2  
  39  4:27  Drone x3  
  39  4:40  Spore Crawler  
  38  4:47  Spore Crawler  
  37  4:59  Spore Crawler  
  36  5:01  Drone, Spore Crawler  
  36  5:02  Drone x2  
  38  5:12  Lair  
  38  5:16  Drone x3  
  38  5:19  Overlord  
  41  5:38  Hatchery  
  41  5:40  Roach x2  
  41  5:41  Roach  
  45  5:49  Roach x3  
  51  5:54  Overlord, Drone  
  51  5:55  Overlord  
  52  6:13  Extractor  
  52  6:16  Roach x3  
  57  6:22  Glial Reconstitution  
  57  6:34  Extractor  
  57  6:36  Roach x2  
  60  6:42  Extractor  
  57  7:16  Drone  
  57  7:18  Overlord x6  
  58  7:35  Queen  
  58  7:36  Overlord  
  60  7:46  Drone x3  
  47  8:27  Hydralisk Den  
  30  8:28  Roach x5  
  40  8:34  Spore Crawler  
  40  8:39  Roach  
  41  8:42  Drone  
  42  8:58  Hydralisk x2  
  46  9:20  Hydralisk x2  
  46  9:23  Hydralisk  
  48  9:45  Spore Crawler  
  47  9:50  Hydralisk x3  
  53  9:54  Grooved Spines  
  53  10:07  Drone x4  
  55  10:11  Drone  
  58  10:21  Hydralisk  
  58  10:26  Hydralisk  
  62  10:48  Drone x3  
  62  10:49  Drone x5  
Show
View Real Time Build Order
Export as new Build Order

Seph Protoss 

Build Orders:  

Get SALT Encoding   

  12  0:12  Pylon  
  12  0:14  Probe  
  13  0:22  Probe  
  14  0:35  Gateway  
  14  0:49  Gateway  
  14  1:01  Probe, Assimilator  
  14  1:03  Assimilator  
  15  1:09  Probe  
  15  1:17  Probe  
  17  1:29  Probe  
  18  1:35  Pylon  
  18  1:41  Cybernetics Core  
  18  1:50  Probe  
  19  2:00  Probe  
  19  2:02  Forge  
  20  2:08  Probe  
  20  2:12  Zealot  
  20  2:13  Zealot  
  25  2:39  Zealot  
  25  2:41  Sentry  
  29  2:44  Twilight Council, Probe  
  29  2:48  Warp Gate  
  30  2:51  Protoss Ground Weapons Level 1  
  31  3:20  Probe  
  31  3:23  Charge  
  31  3:54  Pylon  
  31  3:56  Pylon  
  31  3:58  Pylon  
  31  4:08  Zealot  
  25  4:56  Stargate x2  
  25  4:59  Stargate  
  25  5:07  Stalker  
  25  5:08  Stalker  
  29  5:25  Robotics Facility  
  27  5:35  Stalker  
  29  5:36  Stalker  
  31  6:04  Void Ray, Shield Battery  
  35  6:14  Zealot x2  
  39  6:19  Gateway  
  39  6:21  Gateway  
  39  6:31  Gateway  
  39  6:37  Gateway  
  39  6:40  Pylon  
  39  6:43  Pylon  
  39  6:44  Pylon, Observer  
  40  6:48  Protoss Air Weapons Level 1  
  40  6:53  Zealot  
  36  6:56  Zealot  
  32  7:04  Void Ray  
  36  7:21  Void Ray  
  36  7:36  Zealot  
  38  7:37  Zealot x2  
  31  8:19  Probe  
  18  8:27  Probe  
  19  8:37  Probe  
  20  8:42  Void Ray  
  24  8:49  Probe  
  25  9:01  Probe  
  26  9:13  Probe  
  15  9:54  Probe  
  15  9:55  Pylon  
  15  9:59  Pylon  
  16  10:02  Probe  
  17  10:23  Photon Cannon  
  17  10:31  Probe  
Tags
 
Matchup
PvZ
Opening
Pool First
Spawn Locations
Cross Positions
Add a new tag
Caveats
  • Supply blocks, unpowered buildings, or Contaminate may cause inaccurate times.
  • Supply counts are checked every 10 seconds.